 Dungeon Crawl Stone Soup version 0.27.1-3-gb3d3a73c9e (webtiles) character file.

Game seed: 9957857011158129611

1145 Kinoniko the Basher (level 8, 0/117 HPs)
             Began as an Ogre Berserker on Oct 6, 2021.
             Was an Elder of Trog.
             Slain by a hound (2 damage)
             ... on level 6 of the Dungeon.
             The game lasted 00:05:11 (6198 turns).

Kinoniko the Basher (Ogre Berserker)                Turns: 6198, Time: 00:05:12

Health: 0/117      AC:  4    Str: 24    XL:     8   Next: 37%
Magic:  8/8        EV: 10    Int:  8    God:    Trog [****..]
Gold:   246        SH:  0    Dex:  8    Spells: 7/7 levels left

rFire    . . .     SeeInvis +   l - +0 morningstar
rCold    + . .     Faith    +   (no shield)
rNeg     . . .     Spirit   .   b - +0 animal skin
rPois    .         Reflect  .   (helmet restricted)
rElec    .         Harm     .   m - +0 cloak
rCorr    .         Rampage  .   (gloves unavailable)
Will     .....                  (boots unavailable)
Stlth    ..........             h - amulet of faith
HPRegen  0.29/turn              f - ring of see invisible
MPRegen  0.11/turn              n - ring of protection from cold

@: berserking (expiring), very quick
A: large, unfitting armour, tough skin 1
a: Renounce Religion, Berserk, Trog's Hand, Brothers in Arms


You were on level 6 of the Dungeon.
You worshipped Trog.
Trog was greatly pleased with you.
You visited 1 branch of the dungeon, and saw 6 of its levels.
You also visited: Sewer.

You collected 246 gold pieces.

Inventory:

Hand Weapons
 a - a +0 mace
 l - a +0 morningstar (weapon)
 q - a +2 whip of draining
 u - a +0 whip of venom
Armour
 b - a +0 animal skin (worn)
 m - a +0 cloak (worn)
Jewellery
 d - an amulet of regeneration
 f - a ring of see invisible (left hand)
 h - an amulet of faith (around neck)
 n - a ring of protection from cold (right hand)
Scrolls
 e - a scroll of magic mapping
 g - 9 scrolls of teleportation
 k - a scroll of blinking
Potions
 c - 3 potions of curing
 i - a potion of magic
 j - 2 potions of ambrosia
 o - a potion of haste {unknown}
 p - a potion of brilliance {unknown}
 r - a potion of mutation {unknown}
 s - a potion of invisibility {unknown}
 t - a potion of flight {unknown}


   Skills:
 - Level 4.0 Fighting
 * Level 9.3 Maces & Flails
 - Level 2.6 Dodging


You had 7 spell levels left.
You didn't know any spells.
Your spell library was empty.

Dungeon Overview and Level Annotations

Branches:
Dungeon (6/15)             Temple (0/1) D:6           Sewer (visited)

Altars:

Shops:
D:3 :


Innate Abilities, Weirdness & Mutations

You are too large for most types of armour.
You have tough skin. (AC +1)


Message History

* * * LOW HITPOINT WARNING * * *
The orc wizard hits you but does no damage.
The orc barely misses you.
You closely miss the orc wizard.
The orc wizard is severely wounded.
The hound bites you.
* * * LOW HITPOINT WARNING * * *
The orc barely misses you. The orc hits you with a +0 falchion.
* * * LOW HITPOINT WARNING * * *
The orc wizard hits you but does no damage.
The orc hits you with a +0 falchion.
* * * LOW HITPOINT WARNING * * *
You hit the orc wizard.
The orc wizard is almost dead.
The hound barely misses you. The orc barely misses you. x2
Unknown command.
You closely miss the orc wizard.
The orc wizard is almost dead.
The hound bites you but does no damage.
The orc wizard hits you with a +0 dagger.
* * * LOW HITPOINT WARNING * * *
The orc misses you.
Unknown command.
You closely miss the orc wizard.
The orc wizard is almost dead.
The hound bites you.
* * * LOW HITPOINT WARNING * * *
The orc hits you with a +0 mace.
* * * LOW HITPOINT WARNING * * *
The orc hits you but does no damage.
The orc wizard hits you with a +0 dagger.
* * * LOW HITPOINT WARNING * * *
The orc hits you with a +0 falchion.
* * * LOW HITPOINT WARNING * * *
You hit the orc wizard.
You kill the orc wizard!
Trog accepts your kill.
Trog appreciates your killing of a magic user.
The hound bites you.
You die...

#####.# ..# ##.....# #.#
######...#[.# #.#
#...........# #<#
#.#.#.#.#.#.# #.#
#...........### #.##
.#.#.......#...#######...
.......oo).............##
...#...o@..#...######..#
#.....h......## ##?.#
#.#.......#..# #...##
#...........## #.#...
#.#.#.#.#.#.# #...##
#.....).....# ###.##
###.#######.#### ###.#.#
#. ....# #[.###. . # ##.#
#.#.#.#


You could see a hound and 3 orcs.

Vanquished Creatures
  A sky beast (D:5)
  A centaur (D:4)
  A necrophage (D:6)
  2 ogres (D:5)
  2 bullfrogs (Sewer)
  A water moccasin skeleton (D:4)
  2 hounds (D:4)
  An orc priest (D:3)
  A bullfrog skeleton (D:4)
  A centaur skeleton (D:4)
  Jessica (D:3)
  Natasha (thrice) (D:3)
  An iguana (D:5)
  An orc wizard (D:6)
  A howler monkey zombie (D:6)
  3 gnolls (D:5)
  2 river rats (D:4)
  13 adders
  A worm (D:2)
  3 dart slugs
  4 orcs
  10 ball pythons
  6 endoplasms
  6 giant cockroaches
  7 goblins
  4 hobgoblins
  7 jackals
  7 quokkas
  3 bats
  11 frilled lizards
  5 kobolds
  4 rats
116 creatures vanquished.

Notes
Turn   | Place    | Note
-------+----------+-------------------------------------------
     0 | D:1      | Kinoniko the Ogre Berserker began the quest for the Orb.
     0 | D:1      | Reached XP level 1. HP: 24/24 MP: 1/1
    92 | D:1      | Reached skill level 3 in Maces & Flails
   181 | D:1      | Reached XP level 2. HP: 32/32 MP: 2/2
   450 | D:1      | Found a faded altar of an unknown god.
  1079 | D:2      | Reached XP level 3. HP: 32/39 MP: 3/3
  1299 | D:2      | Reached ** piety under Trog
  1595 | D:2      | Reached skill level 4 in Maces & Flails
  1920 | D:2      | Reached XP level 4. HP: 48/48 MP: 4/4
  2140 | D:3      | Found Cilagoir's Book Boutique.
  2210 | D:3      | Reached skill level 5 in Maces & Flails
  2561 | D:3      | Reached XP level 5. HP: 51/54 MP: 5/5
  2603 | D:3      | Noticed Natasha
  2610 | D:3      | Killed Natasha
  2684 | D:3      | Reached *** piety under Trog
  2818 | D:3      | Noticed Natasha
  2824 | D:3      | Killed Natasha
  2965 | D:3      | Noticed Jessica
  2976 | D:3      | Killed Jessica
  2977 | D:3      | Reached XP level 6. HP: 59/62 MP: 6/6
  3136 | D:3      | Noticed Natasha
  3150 | D:3      | Killed Natasha
  3151 | D:3      | Reached skill level 6 in Maces & Flails
  3635 | D:4      | Reached skill level 7 in Maces & Flails
  3635 | D:4      | Reached XP level 7. HP: 67/70 MP: 7/7
  3749 | D:4      | Found a glowing drain.
  3753 | Sewer    | Entered a sewer
  3831 | Sewer    | Reached **** piety under Trog
  4229 | Sewer    | Reached skill level 8 in Maces & Flails
  4995 | D:5      | Entered Level 5 of the Dungeon
  5027 | D:5      | Reached XP level 8. HP: 71/78 MP: 8/8
  5486 | D:5      | Reached skill level 9 in Maces & Flails
  6118 | D:6      | Found a staircase to the Ecumenical Temple.
  6197 | D:6      | HP: 2/117 [orc (6)]
  6198 | D:6      | Slain by a hound

Illustrated notes

Levels and vault maps discovered:
D:1:      mrwooster_arrival_statue_3, layout_loops_cross,
          shapermc_ecumenical_altar_mp_vishouse, moated_statue,
          wander_ebering_terrifying_dragon_lair
D:2:      layout_loops_ring
D:3:      layout_loops_cross, serial_shops, shop_statue, uniq_jessica,
          uniq_natasha
D:4:      layout_rooms, gup_sewer_entry_spiral
D:5:      cheibrodos_quashed, layout_rooms, minivault_4
D:6:      layout_loops_ring, minmay_temple_entry_glass, corexii_corridor_pit

Skill      XL: |  1  2  3  4  5  6  7  8 |
---------------+-------------------------+-----
Maces & Flails | 3 4 5 7 8 9 |  9.3
Fighting       | |  4.0
Dodging        | |  2.6

Action                   |  1- 3 |  4- 6 |  7- 9 || total
-------------------------+-------+-------+-------++-------
Melee: Mace              |    93 |    23 |       ||   116
       Morningstar       |       |    85 |   190 ||   275
Invok: Berserk           |     3 |     4 |     5 ||    12
  Use: Scroll            |     2 |     4 |     3 ||     9
       Potion            |       |     1 |       ||     1
Armor: Animal skin       |    33 |    42 |    56 ||   131
Dodge: Dodged            |    72 |    86 |    99 ||   257
